 Dungeon Crawl Stone Soup version 0.30-a0-371-gad7725a93e (webtiles) character file.

Game seed: 7694628375034213349

249 bmack86 the Chopper (level 5, 0/42 HPs)
             Began as a Demonspawn Berserker on Nov 21, 2022.
             Was a Believer of Trog.
             Slain by an orc
             ... wielding a +0 mace
              (3 damage)
             ... on level 3 of the Dungeon.
             The game lasted 00:09:44 (1768 turns).

bmack86 the Chopper (Demonspawn Berserker)          Turns: 1768, Time: 00:09:46

Health: 0/42       AC:  7    Str: 19    XL:     5   Next: 87%
Magic:  0/5        EV: 10    Int:  9    God:    Trog [**....]
Gold:   137        SH:  0    Dex: 12    Spells: 4/4 levels left

rFire   . . .      SeeInvis .    E - +4 falchion
rCold   . . .      Faith    .    (no shield)
rNeg    . . .      Spirit   +    i - +0 scale mail
rPois   .          Reflect  .    (helmet restricted)
rElec   .          Harm     .    (no cloak)
rCorr   +          Rampage  .    (no gloves)
Will    .....                    d - +0 pair of boots
Stlth   ..........               n - amulet of guardian spirit
HPRegen 0.27/turn                t - ring of resist corrosion
MPRegen 0.09/turn                (no ring)

@: on berserk cooldown, slowed, very slow
A: horns 1, ignite blood 1
a: Renounce Religion, Berserk, Trog's Hand


You were on level 3 of the Dungeon.
You worshipped Trog.
Trog was pleased with you.
You visited 1 branch of the dungeon, and saw 3 of its levels.

You collected 137 gold pieces.

Inventory:

Hand Weapons
 a - a +0 hand axe
 f - a +0 dagger
 g - a +0 hand axe
 j - a +0 short sword
 q - a +1 vorpal trident
 u - a +0 glaive
 E - a +4 falchion (weapon)
Missiles
 x - 3 atropa-tipped darts (quivered)
Armour
 b - a +0 animal skin
 d - a +0 pair of boots (worn)
 i - a +0 scale mail (worn)
 r - a +0 scale mail
Jewellery
 n - an amulet of guardian spirit (around neck)
 t - a ring of resist corrosion (left hand)
Wands
 o - a wand of charming (10)
 D - a wand of digging (5)
Scrolls
 m - a scroll of vulnerability
 s - 2 scrolls of amnesia {unknown}
 v - 3 scrolls of identify {unknown}
 y - a scroll of noise {unknown}
 B - a scroll of fear {unknown}
 C - a scroll of enchant armour {unknown}
Potions
 c - 2 potions of magic {unknown}
 e - a potion of mutation {unknown}
 h - a potion of invisibility {unknown}
 k - a potion of heal wounds {unknown}
 l - 2 potions of resistance {unknown}
 p - a potion of curing {unknown}
 w - a potion of flight {unknown}
 z - 2 potions of haste {unknown}
 A - a potion of might {unknown}
 F - a potion of berserk rage {unknown}


   Skills:
 + Level 3.8 Fighting
 + Level 0.4 Long Blades
 + Level 4.2 Axes
 + Level 1.0(2.8) Polearms
 + Level 3.0 Armour
 + Level 2.7 Dodging
 + Level 0.1 Stealth


You had 4 spell levels left.
You didn't know any spells.
Your spell library was empty.

Dungeon Overview and Level Annotations

Branches:
Dungeon (3/15)

Altars:


Innate Abilities, Weirdness & Mutations

You have a pair of small horns on your head.
Your demonic aura sometimes causes spilled blood to erupt in flames.


Message History

The orc hits you with a +0 mace.
You barely miss the orc. The orc hits you with a +0 mace.
The orc hits you but does no damage.
You closely miss the orc. Your headbutt misses the orc.
The orc hits you with a +0 mace!
* * * LOW HITPOINT WARNING * * *
The orc hits you but does no damage.
You slash the orc!
You kill the orc!
Trog accepts your kill. The orc closely misses you.
The orc hits you with a +0 mace.
* * * LOW HITPOINT WARNING * * *
You barely miss the hobgoblin.
The hobgoblin hits you but does no damage.
The orc barely misses you. The orc completely misses you.
You slash the orc!
You kill the orc!
Trog accepts your kill.
You are no longer berserk.
You are exhausted.
You feel yourself slow down. The hobgoblin barely misses you.
The orc hits you but does no damage.
You hit the hobgoblin.
The hobgoblin is severely wounded.
The hobgoblin hits you but does no damage.
The orc closely misses you. The orc hits you with a +0 mace.
* * * LOW HITPOINT WARNING * * *
The hobgoblin hits you.
* * * LOW HITPOINT WARNING * * *
You barely miss the hobgoblin. Your headbutt misses the hobgoblin.
The hobgoblin is heavily wounded.
The hobgoblin hits you but does no damage.
The orc hits you but does no damage.
You closely miss the hobgoblin. You headbutt the hobgoblin.
The hobgoblin is almost dead.
The hobgoblin hits you but does no damage.
The orc hits you with a +0 mace.
* * * LOW HITPOINT WARNING * * *
The orc hits you with a +0 mace.
You die...

.## .# #..... #...# .##
.####........##..<####...
......##......#.........#
...... ..................
...... ..................
...### #.^...............
...####.........go.......
................@)....#
...####......#.#......#
........######...........
....########...#########.
....# ##...###
...######...##
..#..........#
.##..........#
###..........#


You could see an orc and a hobgoblin.

Vanquished Creatures
  Sigmund (D:3)
  Terence (D:2)
  2 adders (D:2)
  3 dart slugs
  4 orcs (D:3)
  3 ball pythons
  3 endoplasms
  4 giant cockroaches
  4 goblins
  5 hobgoblins
  2 quokkas (D:1)
  5 bats
  2 frilled lizards (D:1)
  4 kobolds (D:1)
  4 rats
47 creatures vanquished.

Notes
Turn   | Place    | Note
-------+----------+-------------------------------------------
     0 | D:1      | bmack86 the Demonspawn Berserker began the quest for the
                  | Orb.
     0 | D:1      | Reached XP level 1. HP: 18/18 MP: 1/1
   300 | D:1      | Gained mutation: You have a pair of small horns on your
                  | head. [demonic ancestry]
   300 | D:1      | Reached XP level 2. HP: 14/24 MP: 2/2
   343 | D:1      | Reached skill level 3 in Axes
   726 | D:1      | Found a faded altar of an unknown god.
   822 | D:1      | Reached XP level 3. HP: 29/29 MP: 3/3
  1162 | D:2      | Noticed Terence
  1170 | D:2      | Killed Terence
  1171 | D:2      | Reached ** piety under Trog
  1179 | D:2      | Gained mutation: Your demonic aura sometimes causes spilled
                  | blood to erupt in flames. [demonic ancestry]
  1179 | D:2      | Reached XP level 4. HP: 23/35 MP: 1/4
  1743 | D:3      | Noticed Sigmund
  1755 | D:3      | Killed Sigmund
  1756 | D:3      | Reached skill level 4 in Axes
  1756 | D:3      | Reached skill level 1 in Polearms
  1756 | D:3      | Reached XP level 5. HP: 21/42 MP: 2/5
  1768 | D:3      | Slain by an orc

Illustrated notes

Levels and vault maps discovered:
D:1:      psy_arrival_whirlpool, layout_basic, serial_curves, eino_curves_03,
          eino_curves_02, chequers_ecumenical_altar_twisty
D:2:      layout_basic, uniq_terence
D:3:      layout_rooms, minmay_misc_feat_cross, nicolae_wormholes, uniq_sigmund

Skill      XL: |  1  2  3  4 |
---------------+-------------+-----
Axes           | 3 4 |  4.2
Armour         | 2 3 |  3.0
Dodging        | 2 |  2.7
Polearms       | 1 |  1.0
Fighting       | |  3.8
Long Blades    | |  0.4
Stealth        | |  0.1

Action                   |  1- 3 |  4- 6 || total
-------------------------+-------+-------++-------
Melee: Hand axe          |    79 |       ||    79
       Headbutt          |     7 |     3 ||    10
       Punch             |     1 |       ||     1
       Trident           |       |    24 ||    24
       Falchion          |       |    17 ||    17
Invok: Berserk           |       |     1 ||     1
  Use: Scroll            |     1 |       ||     1
Armor: Scale mail        |    33 |    26 ||    59
Dodge: Dodged            |    55 |    29 ||    84

Table legend: (Time is in decaauts)
 A = Elapsed time spent in this place.
 B = Non-inter-level travel time spent in this place.
 C = Inter-level travel time spent in this place.
 D = Time resting spent in this place.
 E = Time spent auto-exploring this place.
 F = Levels seen in this place.
 G = Mean time per level.
                   A        B        C        D        E       F      G
               +--------+--------+--------+--------+--------+-----+--------+
         Total |   1787 |   1787 |      0 |      0 |   1086 |   3 |  595.7 |
       Dungeon |   1787 |   1787 |      0 |      0 |   1086 |   3 |  595.7 |
               +--------+--------+--------+--------+--------+-----+--------+

Top non-repeatable levels by time:
     D:1: 1068 daAuts
     D:2: 588 daAuts
     D:3: 129 daAuts
